SAA
VIRGINIA BEACH DEUCES @ PHOENIX HOTSPUR YOUTH
09/17/2023
 
TOP OF THE 1ST
Virginia Beach Deuces batting - Pitching for Phoenix Hotspur Youth : RHP Santiago Alonza
Pitching: RHP Santiago Alonza
Batting: RHB Elvis Larson 0-0: Called Strike
0-1: Swinging Strike
0-2: Foul Ball, location: 2F
0-2: SINGLE (Groundball, 4MD)
Batting: RHB José Ramírez 0-0: Ball
1-0: Fly out, F4 (Popup, 4M)
Batting: LHB Salvadaro Meireles 0-0: Ball
1-0: Called Strike
1-1: Ball
2-1: Foul Ball, location: 2F
2-2: SINGLE (Line Drive, 4MD)
Elvis Larson to second
Batting: RHB Luis Jelarde 0-0: Ball
1-0: Ball
2-0: Ball
3-0: Base on Balls
Elvis Larson to third
Salvadaro Meireles to second
Batting: LHB Raúl Aguirre 0-0: Ball
1-0: Foul Ball, location: 2F
1-1: SINGLE (Groundball, 3S) (infield hit)
Elvis Larson scores
Salvadaro Meireles to third
Luis Jelarde to second
Batting: RHB Herman Cook 0-0: Ball
1-0: Ball
2-0: Ball
3-0: Called Strike
3-1: Base on Balls
Salvadaro Meireles scores
Luis Jelarde to third
Raúl Aguirre to second
Batting: LHB Jeff Rutherford 0-0: Ball
1-0: Ball
2-0: Foul Ball, location: 2F
2-1: Ball
3-1: Base on Balls
Luis Jelarde scores
Raúl Aguirre to third
Herman Cook to second
Batting: LHB Perry Bothof 0-0: Foul Ball, location: 2F
0-1: Ball
1-1: Called Strike
1-2: Strikes out looking
Batting: LHB Stephen Baird 0-0: Foul Ball, location: 2F
0-1: Ball
1-1: Called Strike
1-2: Ball
2-2: Strikes out swinging
Top of the 1st over - 3 run(s), 3 hit(s), 0 error(s), 3 left on base; Virginia Beach 3 - Phoenix Hotspur 0
BOTTOM OF THE 1ST
Phoenix Hotspur Youth batting - Pitching for Virginia Beach Deuces : LHP Travis Grant
Pitching: LHP Travis Grant
Batting: RHB Pedro Martínez 0-0: Called Strike
0-1: Ball
1-1: Called Strike
1-2: Ball
2-2: Foul Ball, location: 2F
2-2: Strikes out swinging
Batting: RHB Keith Burnett 0-0: Ball
1-0: Bunt for hit - play at first, batter OUT! 1-3
Batting: RHB Ed Sharp 0-0: Foul Ball, location: 2F
0-1: Ball
1-1: Ball
2-1: Foul Ball, location: 2F
2-2: Foul Ball, location: 2F
2-2: Fly out, F8 (Flyball, 8LM)
Bottom of the 1st over - 0 run(s), 0 hit(s), 0 error(s), 0 left on base; Virginia Beach 3 - Phoenix Hotspur 0
TOP OF THE 2ND
Virginia Beach Deuces batting - Pitching for Phoenix Hotspur Youth : RHP Santiago Alonza
Batting: RHB Elvis Larson 0-0: Called Strike
0-1: Ball
1-1: Foul Ball, location: 2F
1-2: Strikes out swinging
Batting: RHB José Ramírez 0-0: Called Strike
0-1: Ball
1-1: Ball
2-1: Foul Ball, location: 2F
2-2: Foul Ball, location: 2F
2-2: Strikes out swinging, 2-3 out at first.
Batting: LHB Salvadaro Meireles 0-0: Called Strike
0-1: Swinging Strike
0-2: Foul Ball, location: 2F
0-2: Foul Ball, location: 2F
0-2: Fly out, F6 (Popup, 8LS)
Top of the 2nd over - 0 run(s), 0 hit(s), 0 error(s), 0 left on base; Virginia Beach 3 - Phoenix Hotspur 0
BOTTOM OF THE 2ND
Phoenix Hotspur Youth batting - Pitching for Virginia Beach Deuces : LHP Travis Grant
Batting: RHB Alex Niemann 0-0: Ball
1-0: Ball
2-0: Swinging Strike
2-1: Fly out, F4 (Line Drive, 4)
Batting: RHB Javier González 0-0: Ball
1-0: Called Strike
1-1: Swinging Strike
1-2: Fly out, F9 (Flyball, 9S)
Batting: RHB Billy Strauss 0-0: DOUBLE (Line Drive, 8RXD)
Batting: RHB Shohei Kiyomizu 0-0: Ball
1-0: Fly out, F3 (Popup, 3F)
Bottom of the 2nd over - 0 run(s), 1 hit(s), 0 error(s), 1 left on base; Virginia Beach 3 - Phoenix Hotspur 0
TOP OF THE 3RD
Virginia Beach Deuces batting - Pitching for Phoenix Hotspur Youth : RHP Santiago Alonza
Batting: RHB Luis Jelarde 0-0: Fly out, F8 (Flyball, 8LXD)
Batting: LHB Raúl Aguirre 0-0: Foul Ball, location: 2F
0-1: Swinging Strike
0-2: Ball
1-2: Ball
2-2: Foul Ball, location: 2F
2-2: Ground out 4-3 (Groundball, 4)
Batting: RHB Herman Cook 0-0: Ball
1-0: Ball
2-0: Foul Ball, location: 2F
2-1: Foul Ball, location: 2F
2-2: SINGLE (Line Drive, 4D)
Batting: LHB Jeff Rutherford 0-0: Called Strike
0-1: Reached on error, E4 (Groundball, 4)
Herman Cook to second
Batting: LHB Perry Bothof 0-0: Fly out, F7 (Flyball, 7LM)
Top of the 3rd over - 0 run(s), 1 hit(s), 1 error(s), 2 left on base; Virginia Beach 3 - Phoenix Hotspur 0
BOTTOM OF THE 3RD
Phoenix Hotspur Youth batting - Pitching for Virginia Beach Deuces : LHP Travis Grant
Batting: RHB Dan Perkins 0-0: Called Strike
0-1: Swinging Strike
0-2: Ball
1-2: Foul Ball, location: 2F
1-2: Fly out, F2 (Popup, 2LF)
Batting: RHB Wilson Castillo 0-0: Called Strike
0-1: Ball
1-1: Swinging Strike
1-2: Ground out 6-3 (Groundball, 6)
Batting: RHB Pedro Martínez 0-0: Called Strike
0-1: Ground out 6-3 (Groundball, 6)
Bottom of the 3rd over - 0 run(s), 0 hit(s), 0 error(s), 0 left on base; Virginia Beach 3 - Phoenix Hotspur 0
TOP OF THE 4TH
Virginia Beach Deuces batting - Pitching for Phoenix Hotspur Youth : RHP Santiago Alonza
Batting: LHB Stephen Baird 0-0: Ball
1-0: Ball
2-0: Called Strike
2-1: Ground out 3-1 (Groundball, 34S)
Batting: RHB Elvis Larson 0-0: Called Strike
0-1: Ball
1-1: Called Strike
1-2: SINGLE (Groundball, 56D)
Batting: RHB José Ramírez 0-0: Ball
1-0: Foul Ball, location: 2F
1-1: Ball
2-1: Ball
3-1: SINGLE (Line Drive, 34)
Elvis Larson to second
Batting: LHB Salvadaro Meireles 0-0: Ball
1-0: Foul Ball, location: 2F
1-1: Ball
2-1: Swinging Strike
2-2: SINGLE (Groundball, 13) (infield hit)
Elvis Larson to third
José Ramírez to second
Batting: RHB Luis Jelarde 0-0: Ball
1-0: Foul Ball, location: 2F
1-1: Fly out, F5 (Popup, 5L)
Batting: LHB Raúl Aguirre 0-0: Ball
1-0: Ball
2-0: Ball
3-0: Called Strike
3-1: Fly out, F7 (Flyball, 7M)
Top of the 4th over - 0 run(s), 3 hit(s), 0 error(s), 3 left on base; Virginia Beach 3 - Phoenix Hotspur 0
BOTTOM OF THE 4TH
Phoenix Hotspur Youth batting - Pitching for Virginia Beach Deuces : LHP Travis Grant
Batting: RHB Keith Burnett 0-0: Called Strike
0-1: Fly out, F7 (Flyball, 7D)
Batting: RHB Ed Sharp 0-0: Called Strike
0-1: Ball
1-1: Foul Ball, location: 2F
1-2: Foul Ball, location: 2F
1-2: Foul Ball, location: 2F
1-2: Ground out 6-3 (Groundball, 6MS)
Batting: RHB Alex Niemann 0-0: Foul Ball, location: 2F
0-1: Ball
1-1: Ball
2-1: Foul Ball, location: 2F
2-2: Foul Ball, location: 2F
2-2: Strikes out swinging
Bottom of the 4th over - 0 run(s), 0 hit(s), 0 error(s), 0 left on base; Virginia Beach 3 - Phoenix Hotspur 0
TOP OF THE 5TH
Virginia Beach Deuces batting - Pitching for Phoenix Hotspur Youth : RHP Santiago Alonza
Batting: RHB Herman Cook 0-0: Called Strike
0-1: Ball
1-1: Ball
2-1: Swinging Strike
2-2: Foul Ball, location: 2F
2-2: Ball
3-2: Strikes out swinging
Batting: LHB Jeff Rutherford 0-0: Foul Ball, location: 2F
0-1: Ball
1-1: Ball
2-1: Ball
3-1: Base on Balls
Batting: LHB Perry Bothof 0-0: Ball
1-0: Ball
2-0: Ball
3-0: Called Strike
3-1: Foul Ball, location: 2F
3-2: Strikes out swinging
Pitching: RHP John Ball
Batting: LHB Stephen Baird 0-0: Fly out, F8 (Flyball, 8LXD)
Top of the 5th over - 0 run(s), 0 hit(s), 0 error(s), 1 left on base; Virginia Beach 3 - Phoenix Hotspur 0
BOTTOM OF THE 5TH
Phoenix Hotspur Youth batting - Pitching for Virginia Beach Deuces : LHP Travis Grant
Batting: RHB Javier González 0-0: Called Strike
0-1: Ball
1-1: Foul Ball, location: 2F
1-2: Fly out, F4 (Popup, 4)
Batting: RHB Billy Strauss 0-0: Ball
1-0: Called Strike
1-1: Ground out U3 (Groundball, 3)
Batting: RHB Shohei Kiyomizu 0-0: Ball
1-0: Foul Ball, location: 2F
1-1: Foul Ball, location: 2F
1-2: Hit by Pitch
Batting: RHB Dan Perkins 0-0: Called Strike
0-1: Ball
1-1: Ball
2-1: Foul Ball, location: 2F
2-2: Foul Ball, location: 2F
2-2: Foul Ball, location: 2F
2-2: Fly out, F5 (Popup, 5DF)
Bottom of the 5th over - 0 run(s), 0 hit(s), 0 error(s), 1 left on base; Virginia Beach 3 - Phoenix Hotspur 0
TOP OF THE 6TH
Virginia Beach Deuces batting - Pitching for Phoenix Hotspur Youth : RHP John Ball
Batting: RHB Elvis Larson 0-0: Ball
1-0: Swinging Strike
1-1: SINGLE (Flyball, 8RS)
Batting: RHB José Ramírez 0-0: Ball
1-0: Bunted foul
1-1: Sac Bunt - play at first, batter OUT! 1-4
Elvis Larson to second
Batting: LHB Salvadaro Meireles 0-0: Ball
1-0: Ball
2-0: Ball
3-0: Called Strike
3-1: Called Strike
3-2: Strikes out swinging
Batting: RHB Luis Jelarde 0-0: Called Strike
0-1: Ball
1-1: SINGLE (Line Drive, 3)
Elvis Larson to third
Runner from 3rd tries for Home, SAFE, no throw or cutoff
Batting: LHB Raúl Aguirre 0-0: Ball
1-0: Swinging Strike
1-1: Ball
2-1: Foul Ball, location: 2F
2-2: Ball
3-2: Strikes out swinging
Top of the 6th over - 1 run(s), 2 hit(s), 0 error(s), 1 left on base; Virginia Beach 4 - Phoenix Hotspur 0
BOTTOM OF THE 6TH
Phoenix Hotspur Youth batting - Pitching for Virginia Beach Deuces : LHP Travis Grant
Batting: RHB Wilson Castillo 0-0: Fly out, F2 (Popup, 2L)
Batting: RHB Pedro Martínez 0-0: Called Strike
0-1: Ball
1-1: SINGLE (Flyball, 78S)
Batting: RHB Keith Burnett 0-0: Ball
1-0: Called Strike
1-1: Grounds into double play, U6-3 (Groundball, 6M)
Bottom of the 6th over - 0 run(s), 1 hit(s), 0 error(s), 0 left on base; Virginia Beach 4 - Phoenix Hotspur 0
TOP OF THE 7TH
Virginia Beach Deuces batting - Pitching for Phoenix Hotspur Youth : RHP John Ball
Batting: RHB Herman Cook 0-0: Foul Ball, location: 2F
0-1: Ball
1-1: Swinging Strike
1-2: Ball
2-2: Ball
3-2: Ground out 1-3 (Groundball, 13S)
Batting: LHB Jeff Rutherford 0-0: Ball
1-0: Called Strike
1-1: Swinging Strike
1-2: Ball
2-2: Ball
3-2: Fly out, F7 (Popup, 78S)
Batting: LHB Perry Bothof 0-0: Foul Ball, location: 2F
0-1: Swinging Strike
0-2: Strikes out swinging
Top of the 7th over - 0 run(s), 0 hit(s), 0 error(s), 0 left on base; Virginia Beach 4 - Phoenix Hotspur 0
BOTTOM OF THE 7TH
Phoenix Hotspur Youth batting - Pitching for Virginia Beach Deuces : LHP Travis Grant
Batting: RHB Ed Sharp 0-0: Ball
1-0: Foul Ball, location: 2F
1-1: Called Strike
1-2: Ball
2-2: Foul Ball, location: 2F
2-2: Ball
3-2: Foul Ball, location: 2F
3-2: Strikes out swinging
Batting: RHB Alex Niemann 0-0: Called Strike
0-1: Ground out 5-3 (Groundball, 5)
Batting: RHB Javier González 0-0: Ball
1-0: Ball
2-0: Ball
3-0: Base on Balls
Batting: RHB Billy Strauss 0-0: Called Strike
0-1: Ball
1-1: Foul Ball, location: 2F
1-2: Strikes out swinging
Bottom of the 7th over - 0 run(s), 0 hit(s), 0 error(s), 1 left on base; Virginia Beach 4 - Phoenix Hotspur 0
TOP OF THE 8TH
Virginia Beach Deuces batting - Pitching for Phoenix Hotspur Youth : RHP John Ball
Batting: LHB Stephen Baird 0-0: Ball
1-0: Called Strike
1-1: SINGLE (Groundball, 25) (infield hit)
Batting: RHB Elvis Larson 0-0: Ball
1-0: Ball
2-0: Sac Bunt - play at first, batter OUT! 2-4
Stephen Baird to second
Batting: RHB José Ramírez 0-0: Called Strike
0-1: 2-RUN HOME RUN (Flyball, 78XD), Distance : 398 ft
Pitching: LHP Juan López
Batting: LHB Salvadaro Meireles 0-0: Ball
1-0: Swinging Strike
1-1: Swinging Strike
1-2: SINGLE (Groundball, 3S) (infield hit)
Batting: RHB Luis Jelarde 0-0: Foul Ball, location: 2F
0-1: Foul Ball, location: 2F
0-2: SINGLE (Groundball, 56D)
Salvadaro Meireles to second
Batting: LHB Raúl Aguirre 0-0: Called Strike
0-1: Swinging Strike
0-2: Ball
1-2: Ball
2-2: Fly out, F8 (Flyball, 8LXD)
Runner from 2nd tags up, SAFE at 3rd, no throw
Batting: RHB Herman Cook 0-0: Called Strike
0-1: Ball
1-1: Ball
2-1: Swinging Strike
2-2: Ball
3-2: Base on Balls
Luis Jelarde to second
Batting: LHB Jeff Rutherford 0-0: Ball
1-0: Called Strike
1-1: Ball
2-1: Foul Ball, location: 2F
2-2: Ball
3-2: Strikes out swinging
Top of the 8th over - 2 run(s), 4 hit(s), 0 error(s), 3 left on base; Virginia Beach 6 - Phoenix Hotspur 0
BOTTOM OF THE 8TH
Phoenix Hotspur Youth batting - Pitching for Virginia Beach Deuces : LHP Travis Grant
Now at SS: Dana Akers
Now in LF: Wilson Pérez
Batting: RHB Shohei Kiyomizu 0-0: Called Strike
0-1: Ball
1-1: Ball
2-1: Ball
3-1: Swinging Strike
3-2: Strikes out swinging
Batting: RHB Dan Perkins 0-0: Ball
1-0: Ball
2-0: Hit by Pitch
Pitching: RHP Brent Riley
Batting: RHB Wilson Castillo 0-0: Called Strike
0-1: Swinging Strike
0-2: Ball
1-2: Foul Ball, location: 2F
1-2: Strikes out looking
Batting: RHB Pedro Martínez 0-0: Fly out, F6 (Line Drive, 6)
Bottom of the 8th over - 0 run(s), 0 hit(s), 0 error(s), 1 left on base; Virginia Beach 6 - Phoenix Hotspur 0
TOP OF THE 9TH
Virginia Beach Deuces batting - Pitching for Phoenix Hotspur Youth : LHP Juan López
Batting: LHB Perry Bothof 0-0: Ground out 4-3 (Groundball, 4)
Batting: LHB Stephen Baird 0-0: Foul Ball, location: 2F
0-1: Ground out 1-3 (Groundball, 25)
Batting: RHB Elvis Larson 0-0: Ball
1-0: Called Strike
1-1: Ball
2-1: Ball
3-1: Swinging Strike
3-2: Foul Ball, location: 2F
3-2: Foul Ball, location: 2F
3-2: Foul Ball, location: 2F
3-2: Base on Balls
Batting: RHB José Ramírez 0-0: Swinging Strike
0-1: Ball
1-1: Ball
2-1: Ball
3-1: Called Strike
3-2: Foul Ball, location: 2F
3-2: Ground out 5-3 (Groundball, 5L)
Top of the 9th over - 0 run(s), 0 hit(s), 0 error(s), 1 left on base; Virginia Beach 6 - Phoenix Hotspur 0
BOTTOM OF THE 9TH
Phoenix Hotspur Youth batting - Pitching for Virginia Beach Deuces : RHP Brent Riley
Batting: RHB Keith Burnett 0-0: Called Strike
0-1: Swinging Strike
0-2: Ball
1-2: Strikes out looking
Batting: RHB Ed Sharp 0-0: Called Strike
0-1: Foul Ball, location: 2F
0-2: Ground out 6-3 (Groundball, 6)
Batting: RHB Alex Niemann 0-0: SINGLE (Groundball, 6MD) (infield hit)
Batting: RHB Javier González 0-0: Swinging Strike
0-1: Fly out, F4 (Line Drive, 4)
Bottom of the 9th over - 0 run(s), 1 hit(s), 0 error(s), 1 left on base; Virginia Beach 6 - Phoenix Hotspur 0
This league is powered by Out of the Park Baseball, the baseball management simulation game for PC, Mac and Linux
Friday, July 8th, 2016 - OOTP Baseball 16.9 Build 39